 Dungeon Crawl Stone Soup version 0.24-a0-484-g962a3eeff7 (webtiles) character file.

Game seed: 3395852378699578543

88 DonutEater the Digger (level 4, -3/24 HPs)
             Began as a Gargoyle Earth Elementalist on July 9, 2019.
             Slain by an orc priest
             ... wielding a +0 falchion
              (4 damage)
             ... on level 2 of the Dungeon.
             The game lasted 00:06:02 (2010 turns).

DonutEater the Digger (Gargoyle Earth Elementalist) Turns: 2010, Time: 00:06:03

Health: -3/24      AC:  7    Str: 12    XL:     4   Next: 54%
Magic:  0/8        EV: 12    Int: 16    God:
Gold:   51         SH:  0    Dex: 10    Spells: 5/9 levels left

rFire    + . .     SeeInvis .   a - +0 dagger
rCold    + . .     Gourm    .   (no shield)
rNeg     + . .     Faith    .   c - +2 robe
rPois    ∞         Spirit   .   (no helmet)
rElec    +         Reflect  .   (no cloak)
rCorr    +         Harm     .   (no gloves)
MR       .....                  (no boots)
Stlth    ++........             (no amulet)
HPRegen  0.08/turn              (no ring)
MPRegen  0.11/turn              (no ring)

@: resistant, very slightly contaminated, slowed, very slow
A: negative energy resistance 1, electricity resistance, unbreathing,
petrification resistance, rot immunity, AC +3
a: no special abilities


You were on level 2 of the Dungeon.
You were not hungry.

You visited 1 branch of the dungeon, and saw 2 of its levels.

You collected 51 gold pieces.

Inventory:

Hand Weapons
 a - a +0 dagger (weapon)
Armour
 c - a +2 robe (worn)
Wands
 h - a wand of flame (15)
Comestibles
 d - 2 rations
 f - 2 chunks of flesh


   Skills:
 - Level 1.5 Dodging
 - Level 2.1 Stealth
 + Level 3.1 Spellcasting
 + Level 1.6 Conjurations
   Level 0.7 Transmutations
 + Level 4.8 Earth Magic


You had 5 spell levels left.
You knew the following spells:

 Your Spells              Type           Power        Failure   Level  Hunger
a - Sandblast             Erth           ###...       2%          1    None
b - Stone Arrow           Conj/Erth      ##....       14%         3    ###....

Your spell library contained the following spells:

 Spells                   Type           Power        Failure   Level  Hunger
 Passwall                 Tmut/Erth      ##......     9%          2    ##.....
 Petrify                  Tmut/Erth      ##......     50%         4    ####...
 Lee's Rapid Deconstruct  Erth           ###.......   56%         5    ######.


Dungeon Overview and Level Annotations

Branches:
Dungeon (2/15)

Altars:
The Shining One


Innate Abilities, Weirdness & Mutations

You are resistant to torment.
Your stone body is resilient. (AC +3)
You are immune to poison.
You resist negative energy. (rN+)
You are resistant to electric shocks. (rElec)
You can survive without breathing.
You are immune to petrification.
You are immune to rotting.


Message History

Press: ? - help, Shift-Dir - straight line, f/p - orc priest
Aim: an orc priest, wielding a +0 falchion and wearing a +0 chain mail (severely wounded)
You miscast Stone Arrow.
You feel a surge of energy from the ground.
The orc priest mumbles some strange prayers to Beogh against you.
Beogh smites you!
Ouch! That really hurt!
* * * LOW HITPOINT WARNING * * *
The orc wizard casts a spell.
The orc wizard seems to speed up.
You feel protected. The orc priest closely misses you.
The orc wizard hits you but does no damage.
The orc priest begins to cast a cantrip, but forgets the words!
You aren't carrying any potions.
As you read the scroll of enchant armour, it crumbles to dust.
Your +1 robe glows green for a moment.
The orc wizard barely misses you.
The orc wizard hits you but does no damage.
The orc priest hits you with a +0 falchion.
You die...

############
#..........# .##
#..........###....
#...<.....†....#.#
#..(.......#####.#
#..........# ..#
#..........####.#
#).........o@oo.##
#..........###o..#
#..........#
##.....#
############
.###..# .# .. .#
o. .. ..


You could see 2 orc priests, an orc wizard and an orc.

Vanquished Creatures
  An adder (D:2)
  4 oozes (D:1)
  A worm (D:1)
  2 dart slugs
  2 leopard geckos (D:1)
  A ball python (D:1)
  5 giant cockroaches (D:1)
  7 goblins (D:1)
  7 hobgoblins (D:1)
  3 jackals (D:1)
  3 bats (D:1)
  2 frilled lizards (D:1)
  5 kobolds (D:1)
  9 rats (D:1)
52 creatures vanquished.

Notes
Turn   | Place    | Note
-------+----------+-------------------------------------------
     0 | D:1      | DonutEater the Gargoyle Earth Elementalist began the quest
                  | for the Orb.
     0 | D:1      | Reached XP level 1. HP: 10/10 MP: 3/3
     2 | D:1      | Found a runed translucent door.
   321 | D:1      | Reached XP level 2. HP: 8/15 MP: 0/5
   457 | D:1      | Reached skill level 4 in Earth Magic
   892 | D:1      | Reached XP level 3. HP: 12/19 MP: 6/6
   897 | D:1      | Learned a level 3 spell: Stone Arrow
  1503 | D:1      | Found a glowing golden altar of the Shining One.
  1712 | D:1      | Reached skill level 1 in Conjurations
  1722 | D:1      | Reached XP level 4. HP: 20/24 MP: 1/8
  2008 | D:2      | HP: 1/24 [orc priest/divine providence (14)]
  2010 | D:2      | Slain by an orc priest

Levels and vault maps discovered:
D:1:      dpeg_arrival_caged_fury, layout_loops_ring,
          minmay_misc_feat_more_columns, minivault_5, tso_altar
D:2:      layout_rooms, serial_undead, serial_undead_b, serial_undead_a,
          serial_undead_d, serial_undead_f, minivault_27

Skill      XL: |  1  2  3  4 |
---------------+-------------+-----
Earth Magic    | 4 |  4.8
Conjurations   | 1 |  1.6
Spellcasting   | 3 |  3.1
Dodging        | |  1.5
Stealth        | |  2.1
Transmutations | |  0.7

Action                   |  1- 3 |  4- 6 || total
-------------------------+-------+-------++-------
Melee: Dagger            |   159 |    56 ||   215
 Cast: Sandblast         |    24 |     8 ||    32
Evoke: Wand              |       |     4 ||     4
  Use: Scroll            |     2 |     1 ||     3
       Potion            |     1 |     4 ||     5
 Stab: Sleeping          |     2 |       ||     2
  Eat: Chunk             |     3 |     1 ||     4
Armor: Robe              |    78 |    30 ||   108
Dodge: Dodged            |   116 |    39 ||   155

Table legend:
 A = Non-vault XP
 B = Vault XP
 C = Vault XP percentage of total XP
 D = Non-vault monster count
 E = Vault monster count
 F = Vault count percentage of total count
                 A         B        C        D         E       F
            +---------+---------+-------+---------+---------+-------
      Total |      75 |      52 |  40.9 |      34 |      18 |  34.6
            +---------+---------+-------+---------+---------+-------
        D:1 |      57 |      52 |  47.7 |      32 |      18 |  36.0
        D:2 |      18 |       0 |   0.0 |       2 |       0 |   0.0
            +---------+---------+-------+---------+---------+-------
